 Dungeon Crawl Stone Soup version 0.29-a0-352-g0917bc69df (webtiles) character file.

Game seed: 3449378341555476632

2556 greenreed the Nimble (level 9, -7/74 HPs)
             Began as a Gnoll Monk on Apr 23, 2022.
             Was a Priest of Vehumet.
             Shot with a sling bullet by Joseph (13 damage)
             ... on level 7 of the Dungeon.
             The game lasted 00:22:48 (7955 turns).

greenreed the Nimble (Gnoll Monk)                   Turns: 7955, Time: 00:22:49

Health: -7/74      AC: 10    Str: 11    XL:     9   Next: 56%
Magic:  2/15       EV: 13    Int: 17    God:    Vehumet [***...]
Gold:   83         SH:  0    Dex: 15    Spells: 13/16 levels left

rFire   . . .      SeeInvis .   y - +11 hand axe "Keekk" {drain, Contam rC+ rCorr}
rCold   + . .      Faith    .   (no shield)
rNeg    . . .      Spirit   .   E - +3 ring mail of the Falcon {Int+4}
rPois   .          Reflect  .   (no helmet)
rElec   .          Harm     .   (no cloak)
rCorr   +          Rampage  .   (no gloves)
Will    .....                   g - +0 pair of boots
Stlth   +++.......              (no amulet)
HPRegen 0.22/turn               d - ring of wizardry
MPRegen 0.14/turn               (no ring)

@: no status effects
A: fangs 1, strong nose, distributed training
a: Renounce Religion


You were on level 7 of the Dungeon.
You worshipped Vehumet.
Vehumet was most pleased with you.
You visited 2 branches of the dungeon, and saw 8 of its levels.

You collected 413 gold pieces.
You spent 330 gold pieces at shops.

Inventory:

Hand Weapons
 a - a +0 mace
 h - a +0 vampiric short sword
 y - the +11 hand axe "Keekk" (weapon) {drain, Contam rC+ rCorr}
   (You found it on level 4 of the Dungeon)

   A truly terrible weapon, it drains the life of any living foe it strikes.
   rC:        It protects you from cold.
   Contam:    It causes magical contamination when unequipped.
   rCorr:     It protects you from acid and corrosion.
Missiles
 p - 5 poisoned darts (quivered)
Armour
 b - a +0 robe
 g - a +0 pair of boots (worn)
 x - a +0 kite shield
 E - the +3 ring mail of the Falcon (worn) {Int+4}
   (You found it on level 5 of the Dungeon)

   Int:       It affects your intelligence (+4).
 F - +0 acid dragon scales
Jewellery
 d - a ring of wizardry (left hand)
Wands
 A - a wand of flame (49)
 H - a wand of iceblast (8)
 I - a wand of charming (20)
Scrolls
 e - 2 scrolls of silence {unknown}
 l - 3 scrolls of vulnerability
 m - 2 scrolls of fear {unknown}
 n - a scroll of blinking {unknown}
 q - 3 scrolls of fog {unknown}
 r - 5 scrolls of teleportation
 w - a scroll of enchant weapon
 z - a scroll of enchant armour
 B - 2 scrolls of holy word {unknown}
 C - a scroll of brand weapon
 G - a scroll of magic mapping
Potions
 c - a potion of ambrosia
 i - 2 potions of flight {unknown}
 j - 2 potions of curing {unknown}
 k - 2 potions of lignification {unknown}
 o - a potion of haste {unknown}
 s - a potion of mutation {unknown}
 t - 3 potions of attraction {unknown}
 u - a potion of brilliance {unknown}
 v - 2 potions of cancellation {unknown}
 D - 3 potions of degeneration {unknown}


   Skills:
 + Level 8.0 Fighting
 + Level 4.3 Short Blades
 + Level 4.3 Long Blades
 + Level 4.3 Axes
 + Level 8.0 Maces & Flails
 + Level 4.3 Polearms
 + Level 4.3 Staves
 + Level 4.3 Slings
 + Level 4.3 Bows
 + Level 4.3 Crossbows
 + Level 4.3 Throwing
 + Level 4.3 Armour
 + Level 8.0 Dodging
 + Level 6.1 Stealth
 + Level 4.3 Shields
 + Level 4.3 Unarmed Combat
 + Level 4.3 Spellcasting
 + Level 3.6 Conjurations
 + Level 3.6 Hexes
 + Level 3.6 Summonings
 + Level 3.6 Necromancy
 + Level 3.6 Translocations
 + Level 3.6 Transmutations
 + Level 3.6 Fire Magic
 + Level 3.6 Ice Magic
 + Level 3.6 Air Magic
 + Level 3.6 Earth Magic
 + Level 3.6 Poison Magic
 + Level 4.8 Invocations
 + Level 4.3 Evocations


You had 13 spell levels left.
You knew the following spells:

 Your Spells              Type           Power      Damage    Failure   Level
a - Magic Dart            Conj           60%        1d6       1%          1
b - Scorch                Fire           30%        2d6       1%          2

Your spell library contained the following spells:

 Spells                   Type           Power      Damage    Failure   Level
 Conjure Flame            Conj/Fire      15%        6-21      2%          3
 Shock                    Conj/Air       60%        1d6       1%          1
 Inner Flame              Hex/Fire       15%        N/A       2%          3
 Sublimation of Blood     Necr           15%        N/A       4%          2
 Wereblood                Tmut           15%        N/A       4%          2
 Gell's Gravitas          Tloc           15%        N/A       9%          3
 Lesser Beckoning         Tloc           15%        N/A       9%          3
 Swiftness                Air            15%        N/A       9%          3
 Teleport Other           Tloc           15%        N/A       9%          3
 Airstrike                Air            7%         N/A       9%          4
 Cause Fear               Hex            7%         N/A       28%         4
 Summon Hydra             Summ           7%         N/A       100%        7
 Discord                  Hex            7%         N/A       100%        8


Dungeon Overview and Level Annotations

Branches:
Dungeon (7/15)             Temple (1/1) D:4

Altars:
Ashenzari
Cheibriados
Dithmenos
Elyvilon
Fedhas
Gozag
Hepliaklqana
Kikubaaqudgha
Makhleb
Nemelex Xobeh
Okawaru
Qazlal
Ru
Sif Muna
Trog
Uskayaw
Vehumet
Wu Jian
Xom
Yredelemnul
Zin
The Shining One

Shops:
D:6 =

Annotations:
D:3 2 transporters
D:5 2 runed translucent doors, greenreed's ghost, novice GnMo
D:7 Joseph


Innate Abilities, Weirdness & Mutations

You have very sharp teeth.
Your uncanny sense of smell can sniff out nearby items.
Your experience applies equally to all skills.


Message History

The magic dart hits Joseph but does no damage.
Joseph is severely wounded.
Joseph shoots a sling bullet.
The sling bullet hits you but does no damage.
Casting: Magic Dart (safe; 1% risk of failure)
Confirm with . or Enter, or press ? or * to list all spells.
Aiming: Magic Dart (safe; 1% risk of failure)
Press: ? - help, Shift-Dir - straight line, f/p - Joseph
Aim: Joseph, wielding a +0 hunting sling and wearing a +0 leather armour (severely wounded, very poisoned, 100% to hit)
The magic dart hits Joseph.
Joseph is severely wounded.
Joseph shoots a sling bullet.
The sling bullet barely misses you.
Joseph shoots a sling bullet.
The sling bullet closely misses you.
Casting: Magic Dart (safe; 1% risk of failure)
Confirm with . or Enter, or press ? or * to list all spells.
Flames lash Joseph.
Joseph is almost dead.
Joseph's fire resistance burns away.
Joseph shoots a sling bullet.
The sling bullet hits you!
* * * LOW HITPOINT WARNING * * *
Casting: Scorch (safe; 1% risk of failure)
Confirm with . or Enter, or press ? or * to list all spells.
Flames lash Joseph.
Joseph is burned terribly!
Joseph is almost dead.
Joseph shoots a sling bullet.
The sling bullet barely misses you.
Casting: Scorch (safe; 1% risk of failure)
Confirm with . or Enter, or press ? or * to list all spells.
You don't have enough magic to cast this spell.
Casting: Scorch (safe; 1% risk of failure)
Confirm with . or Enter, or press ? or * to list all spells.
You don't know that spell.
Casting: Scorch (safe; 1% risk of failure)
Confirm with . or Enter, or press ? or * to list all spells.
You don't know that spell.
Unknown command.
Joseph shoots a sling bullet.
The sling bullet hits you!
* * * LOW HITPOINT WARNING * * *
There is a stone staircase leading up, spattered with blood here.
Joseph shoots a sling bullet.
The sling bullet hits you!
You die...

#.#### ...#.## ......###
........# .# ........##
∆.# #... ##......# .....
....##......### ###.....
.....#....#...###.#....#
.......@..............##
........................
.......................
...........<.......##.
...........@.......##
...............#....##..
.....#.......(###.......
....####.#..##(.........
... ......##.....##...


You could see Joseph (very poisoned, combustible).

Vanquished Creatures
  3 yaks (D:5)
  An acid dragon (D:5)
  A water moccasin (D:6)
  2 black bears
  3 ice beasts
  2 ogres
  A kobold brigand (D:4)
  3 scorpions
  A gnoll sergeant (D:5)
  7 wights
  5 killer bees (D:6)
  3 hounds
  Crazy Yiuf (D:4)
  4 iguanas
  An orc wizard (D:6)
  3 gnolls (D:5)
  6 adders
  A shadow imp (D:6)
  2 ufetubi
  A dart slug (D:2)
  2 worms
  10 orcs
  2 ball pythons
  4 bats
  10 endoplasms
  6 giant cockroaches
  3 goblins
  5 hobgoblins
  2 frilled lizards (D:1)
  4 kobolds
  3 rats
102 creatures vanquished.

Notes
Turn   | Place    | Note
-------+----------+-------------------------------------------
     0 | D:1      | greenreed the Gnoll Monk began the quest for the Orb.
     0 | D:1      | Reached XP level 1. HP: 23/23 MP: 1/1
   220 | D:1      | Reached XP level 2. HP: 25/29 MP: 2/2
   862 | D:1      | Found a faded altar of an unknown god.
   867 | D:1      | Prayed at the altar of an unknown god.
   867 | D:1      | Became a worshipper of Vehumet
   867 | D:1      | Reached * piety under Vehumet
   867 | D:1      | Offered knowledge of Magic Dart by Vehumet.
   867 | D:1      | Reached ** piety under Vehumet
   870 | D:1      | Learned a level 1 spell: Magic Dart
  1098 | D:2      | Offered knowledge of Scorch by Vehumet.
  1112 | D:2      | Reached XP level 3. HP: 35/35 MP: 3/3
  1117 | D:2      | Learned a level 2 spell: Scorch
  1202 | D:2      | Offered knowledge of Ignite Poison by Vehumet.
  1294 | D:2      | Reached *** piety under Vehumet
  1295 | D:2      | Reached skill level 1 in Invocations
  1681 | D:2      | Reached skill level 1 in Short Blades
  1681 | D:2      | Reached skill level 1 in Long Blades
  1681 | D:2      | Reached skill level 1 in Axes
  1681 | D:2      | Reached skill level 1 in Polearms
  1681 | D:2      | Reached skill level 1 in Staves
  1681 | D:2      | Reached skill level 1 in Slings
  1681 | D:2      | Reached skill level 1 in Bows
  1681 | D:2      | Reached skill level 1 in Crossbows
  1681 | D:2      | Reached skill level 1 in Throwing
  1681 | D:2      | Reached skill level 1 in Armour
  1681 | D:2      | Reached skill level 1 in Shields
  1681 | D:2      | Reached skill level 1 in Unarmed Combat
  1681 | D:2      | Reached skill level 1 in Spellcasting
  1681 | D:2      | Reached skill level 1 in Evocations
  1866 | D:2      | Reached XP level 4. HP: 41/41 MP: 5/5
  2238 | D:3      | Found a transporter.
  2251 | D:3      | Found a transporter.
  2427 | D:3      | Noticed an ogre
  2444 | D:3      | Killed an ogre
  2445 | D:3      | Reached skill level 1 in Conjurations
  2445 | D:3      | Reached skill level 1 in Hexes
  2445 | D:3      | Reached skill level 1 in Summonings
  2445 | D:3      | Reached skill level 1 in Necromancy
  2445 | D:3      | Reached skill level 1 in Translocations
  2445 | D:3      | Reached skill level 1 in Transmutations
  2445 | D:3      | Reached skill level 1 in Fire Magic
  2445 | D:3      | Reached skill level 1 in Ice Magic
  2445 | D:3      | Reached skill level 1 in Air Magic
  2445 | D:3      | Reached skill level 1 in Earth Magic
  2445 | D:3      | Reached skill level 1 in Poison Magic
  2445 | D:3      | Reached XP level 5. HP: 17/47 MP: 2/7
  2666 | D:3      | Noticed a black bear
  2674 | D:3      | Killed a black bear
  2675 | D:3      | Reached XP level 6. HP: 53/53 MP: 1/8
  2966 | D:4      | Found a runed translucent door.
  2967 | D:4      | Noticed Crazy Yiuf
  3030 | D:4      | Identified the +11 hand axe "Keekk" {drain, Contam rC+
                  | rCorr}
  3110 | D:4      | Noticed an ice beast
  3119 | D:4      | Killed an ice beast
  3252 | D:4      | Reached XP level 7. HP: 59/59 MP: 3/10
  3406 | D:4      | Found a staircase to the Ecumenical Temple.
  3422 | Temple   | Entered the Ecumenical Temple
  4076 | D:4      | Killed Crazy Yiuf
  4135 | D:5      | Entered Level 5 of the Dungeon
  4178 | D:5      | Noticed a yak
  4178 | D:5      | Noticed a yak
  4178 | D:5      | Noticed a yak
  4190 | D:5      | Killed a yak
  4191 | D:5      | Reached skill level 5 in Stealth
  4192 | D:5      | Killed a yak
  4193 | D:5      | Reached XP level 8. HP: 22/67 MP: 1/12
  4195 | D:5      | Killed a yak
  4625 | D:5      | Identified the +3 ring mail of the Falcon {Int+4}
  4719 | D:5      | Found a large runed translucent door.
  4719 | D:5      | Found a large runed translucent door.
  4784 | D:5      | Found a hazy altar of Hepliaklqana.
  4815 | D:5      | Noticed greenreed's ghost (novice GnMo)
  5306 | D:5      | Offered knowledge of Conjure Flame by Vehumet.
  6138 | D:6      | Reached XP level 9. HP: 72/72 MP: 9/14
  6313 | D:6      | Found Gaibiugyle's Jewellery Shop.
  7161 | D:6      | Bought a ring of wizardry for 330 gold pieces
  7637 | D:7      | Noticed Joseph
  7955 | D:7      | Shot with a sling bullet by Joseph

Illustrated notes

Levels and vault maps discovered:
D:1:      minmay_arrival_checkered_box, layout_basic,
          chequers_ecumenical_altar_lobes
D:2:      layout_loops_ring, minmay_split_cup_large
D:3:      gammafunk_steamed_eel, layout_basic
D:4:      layout_rooms, temple_statues, uniq_crazy_yiuf_cottage
D:5:      layout_loops_cross, kennysheep_mini, ebering_ghost_disaster_area,
          kennysheep_generic_room_16
D:6:      layout_loops_cross, serial_shops, kennysheep_little_box,
          corexii_hall_statues_x
D:7:      layout_cave_pools, hangedman_abyss_or_decor_passed, uniq_joseph
Temple:   compressed_dpeg_triangle_lava_temple

Skill      XL: |  1  2  3  4  5  6  7  8  9 |
---------------+----------------------------+-----
Invocations    | 1 2 3 4 |  4.8
Short Blades   | 1 2 3 4 |  4.3
Long Blades    | 1 2 3 4 |  4.3
Axes           | 1 2 3 4 |  4.3
Polearms       | 1 2 3 4 |  4.3
Staves         | 1 2 3 4 |  4.3
Slings         | 1 2 3 4 |  4.3
Bows           | 1 2 3 4 |  4.3
Crossbows      | 1 2 3 4 |  4.3
Throwing       | 1 2 3 4 |  4.3
Armour         | 1 2 3 4 |  4.3
Shields        | 1 2 3 4 |  4.3
Unarmed Combat | 1 2 3 4 |  4.3
Spellcasting   | 1 2 3 4 |  4.3
Evocations     | 1 2 3 4 |  4.3
Conjurations   | 1 2 3 |  3.6
Hexes          | 1 2 3 |  3.6
Summonings     | 1 2 3 |  3.6
Necromancy     | 1 2 3 |  3.6
Translocations | 1 2 3 |  3.6
Transmutations | 1 2 3 |  3.6
Fire Magic     | 1 2 3 |  3.6
Ice Magic      | 1 2 3 |  3.6
Air Magic      | 1 2 3 |  3.6
Earth Magic    | 1 2 3 |  3.6
Poison Magic   | 1 2 3 |  3.6
Fighting       | 7 8 |  8.0
Maces & Flails | 7 8 |  8.0
Dodging        | 7 8 |  8.0
Stealth        | 5 6 |  6.1

Action                   |  1- 3 |  4- 6 |  7- 9 || total
-------------------------+-------+-------+-------++-------
Melee: Mace              |   101 |    42 |       ||   143
       Bite              |    10 |     6 |     4 ||    20
       Punch             |     1 |     1 |     2 ||     4
       Hand axe          |       |     5 |    78 ||    83
Throw: Dart              |       |    12 |    24 ||    36
 Cast: Magic Dart        |       |     3 |    19 ||    22
       Scorch            |       |    11 |    73 ||    84
  Use: Scroll            |       |       |     7 ||     7
 Stab: Sleeping          |     8 |     1 |     1 ||    10
       Distracted        |       |       |     1 ||     1
Armor: Robe              |    23 |    10 |     2 ||    35
       Ring mail         |       |       |    41 ||    41
Dodge: Dodged            |    62 |    31 |    99 ||   192

Table legend: (Time is in decaauts)
 A = Elapsed time spent in this place.
 B = Non-inter-level travel time spent in this place.
 C = Inter-level travel time spent in this place.
 D = Time resting spent in this place.
 E = Time spent auto-exploring this place.
 F = Levels seen in this place.
 G = Mean time per level.
                   A        B        C        D        E       F      G
               +--------+--------+--------+--------+--------+-----+--------+
         Total |   7972 |   7736 |    236 |    720 |   5983 |   8 |  996.5 |
       Dungeon |   7590 |   7363 |    227 |    720 |   5625 |   7 | 1084.3 |
        Temple |    382 |    373 |      9 |      0 |    358 |   1 |  382.0 |
               +--------+--------+--------+--------+--------+-----+--------+

Top non-repeatable levels by time:
     D:6: 1860 daAuts
     D:5: 1693 daAuts
     D:1: 1083 daAuts
     D:4: 1033 daAuts
     D:2: 932 daAuts
     D:3: 920 daAuts
  Temple: 382 daAuts
     D:7: 66 daAuts
